 Dungeon Crawl Stone Soup version 0.31-a0-188-g5e087ee2ca (webtiles) character file.

Game seed: 1017483009824941275

1663909 Anon1729 the Hoplite (level 27, 254/254 HPs)
             Began as a Minotaur Monk on June 23, 2023.
             Was a Follower of Uskayaw.
             Escaped with the Orb
             ... and 3 runes on June 24, 2023!
             The game lasted 01:19:15 (72467 turns).

Anon1729 the Hoplite (Minotaur Monk)               Turns: 72467, Time: 01:19:15

Health: 254/254    AC: 35    Str: 26    XL:     27
Magic:  35/35      EV: 28    Int:  6    God:    Uskayaw [*.....]
Gold:   3919       SH: 26    Dex: 30    Spells: 26/26 levels left

rFire   + + .        a - +4 rapier of the Valley of Death {drain, rC+ rN+ Will+ Dex+3}
rCold   + + +        F - +2 shield of Resistance {rF++ rC++ Will++}
rNeg    + . .        J - +7 chain mail "Ritsab" {-Cast rPois Str+7}
rPois   +            m - +0 hat of the Big Bang {Dex+3}
rElec   .            v - +1 cloak
rCorr   .            l - +2 pair of gloves "Rest" {Str-3 Slay+5}
SInv    +            e - +2 pair of boots {rampage}
Will    +++++        t - amulet of reflection
Stlth   +            E - ring of see invisible
HPRegen 0.62/turn    B - ring of willpower
MPRegen 0.24/turn

%: no spellcasting, reflection, rampage
@: no status effects
A: horns 2, retaliatory headbutt, iridescent scales 1, strong 1, subdued magic 1
0: Orb of Zot
}: 3/15 runes: serpentine, barnacled, silver
a: Renounce Religion, Stomp


You escaped.
You worshipped Uskayaw.
Uskayaw was most pleased with you.
You visited 11 branches of the dungeon, and saw 49 of its levels.
You visited 2 bazaars.
You also visited: Bailey.

You collected 6696 gold pieces.
You spent 2777 gold pieces at shops.

Inventory:

Hand Weapons
 a - the +4 rapier of the Valley of Death (weapon) {drain, rC+ rN+ Will+ Dex+3}
   (You acquired it on level 3 of the Shoals)

   Dex:       It affects your dexterity (+3).
   rC:        It protects you from cold.
   rN:        It protects you from negative energy.
   Will:      It increases your willpower.
 b - the +8 storm bow {elec, penet}
   (You found it on level 5 of the Vaults)
 Z - the +27 heavy crossbow "Sniper" {heavy, Acc+∞ SInv}
   (You found it on level 3 of the Elven Halls)

   Acc+∞: It never misses its target.
   SInv:      It lets you see invisible.
Missiles
 s - 8 throwing nets
Armour
 d - the +0 pair of gloves of the Gastropod {Drain Will+ Regen+ rCorr}
   (You found it on level 3 of the Shoals)

   Regen:     It increases your rate of health regeneration.
   rCorr:     It protects you from acid and corrosion.
   Drain:     It drains your maximum health when unequipped.
   Will:      It increases your willpower.
 e - a +2 pair of boots of rampaging (worn)
 l - the +2 pair of gloves "Rest" (worn) {Str-3 Slay+5}
   (You found it on level 4 of the Shoals)

   Str:       It affects your strength (-3).
   Slay:      It affects your accuracy & damage with ranged weapons and melee
   (+5).
 m - the +0 hat of the Big Bang (worn) {Dex+3}
   (You bought it in a shop on level 2 of the Vaults)

   Dex:       It affects your dexterity (+3).
 v - a +1 cloak (worn)
 F - the +2 shield of Resistance (worn) {rF++ rC++ Will++}
   (You found it on level 5 of the Vaults)

   rF:        It greatly protects you from fire.
   rC:        It greatly protects you from cold.
   Will:      It greatly increases your willpower.
 J - the +7 chain mail "Ritsab" (worn) {-Cast rPois Str+7}
   (You found it on level 4 of the Shoals)

   Str:       It affects your strength (+7).
   rPois:     It protects you from poison.
   -Cast:     It prevents spellcasting.
Jewellery
 t - an amulet of reflection (around neck)
 B - a ring of willpower (right hand)
 E - a ring of see invisible (left hand)
 G - the ring of Ryexu {Fly Int+3 Slay+3}
   (You acquired it on level 3 of the Elven Halls)

   [ring of flight]

   Int:       It affects your intelligence (+3).
   Slay:      It affects your accuracy & damage with ranged weapons and melee
   (+3).
   Fly:       It grants you flight.
 T - the ring of the Tortoise {AC+8}
   (You found it on level 2 of the Depths)

   [ring of protection]

   AC:        It affects your AC (+8).
Wands
 u - a wand of flame (119)
 y - a wand of charming (62)
 M - a wand of mindburst (48)
 Q - a wand of polymorph (47)
 S - a wand of acid (17)
 V - a wand of digging (13)
 Y - a wand of roots (46)
Scrolls
 f - 16 scrolls of poison
 h - 6 scrolls of revelation
 k - 6 scrolls of fog
 n - 11 scrolls of immolation
 o - 2 scrolls of blinking
 p - a scroll of silence
 w - 10 scrolls of vulnerability
 z - 18 scrolls of teleportation
 A - 10 scrolls of amnesia
 C - 5 scrolls of fear
 I - 10 scrolls of enchant weapon
 P - 2 scrolls of torment
 W - 6 scrolls of enchant armour
 X - 2 scrolls of brand weapon
Potions
 c - 5 potions of ambrosia
 g - 4 potions of haste
 i - 7 potions of enlightenment
 j - 5 potions of cancellation
 q - 11 potions of brilliance
 r - 6 potions of resistance
 x - 19 potions of curing
 D - 6 potions of might
 H - 6 potions of heal wounds
 K - 7 potions of mutation
 N - a potion of magic
 O - 8 potions of invisibility
 R - 2 potions of lignification
 U - a potion of berserk rage
Miscellaneous
 L - a sack of spiders


   Skills:
 + Level 22.1 Fighting
 + Level 21.3 Short Blades
 - Level 16.6 Ranged Weapons
 + Level 21.6 Armour
 + Level 20.4 Dodging
 * Level 12.4 Stealth
 + Level 22.1 Shields
 + Level 19.2 Invocations
 * Level 5.8 Evocations


You had 26 spell levels left.
You didn't know any spells.
Your spell library contained the following spells:

 Spells                   Type           Power      Damage    Failure   Level
 Apportation              Tloc           0%         N/A       77%         1
 Foxfire                  Conj/Fire      0%         2x1d4     77%         1
 Freeze                   Ice            0%         1d3       77%         1
 Magic Dart               Conj           0%         1d3       77%         1
 Necrotise                Necr           0%         1d4       77%         1
 Sandblast                Erth           0%         2d4       77%         1
 Shock                    Conj/Air       0%         1d3       77%         1
 Sting                    Tmut/Pois      0%         1d3       77%         1
 Summon Small Mammal      Summ           0%         N/A       77%         1
 Blink                    Tloc           0%         N/A       89%         2
 Call Imp                 Summ           0%         N/A       89%         2
 Cigotuvi's Dreadful Rot  Necr/Pois/Air  0%         N/A       89%         2
 Ensorcelled Hibernation  Hex/Ice        0%         N/A       89%         2
 Lesser Beckoning         Tloc           0%         N/A       89%         2
 Momentum Strike          Conj/Tloc      0%         3d8       89%         2
 Passwall                 Tmut/Erth      0%         N/A       89%         2
 Poisonous Vapours        Pois/Air       0%         N/A       89%         2
 Scorch                   Fire           0%         2d5       89%         2
 Static Discharge         Conj/Air       0%         2-2/arc   89%         2
 Sublimation of Blood     Necr           0%         N/A       89%         2
 Wereblood                Tmut           0%         N/A       89%         2
 Call Canine Familiar     Summ           0%         N/A       98%         3
 Dazzling Flash           Conj/Hex       0%         N/A       98%         3
 Frozen Ramparts          Ice            0%         1d1       98%         3
 Gell's Gravitas          Tloc           0%         N/A       98%         3
 Hailstorm                Conj/Ice       0%         3d3       98%         3
 Ignite Poison            Fire/Tmut/Pois 0%         N/A       98%         3
 Mephitic Cloud           Conj/Pois/Air  0%         N/A       98%         3
 Ozocubu's Armour         Ice            0%         N/A       98%         3
 Stone Arrow              Conj/Erth      0%         3d7       98%         3
 Summon Guardian Golem    Hex/Summ       0%         N/A       98%         3
 Swiftness                Air            0%         N/A       98%         3
 Teleport Other           Tloc           0%         N/A       98%         3
 Vhi's Electric Charge    Tloc/Air       0%         N/A       98%         3
 Volatile Blastmotes      Fire/Tloc      0%         2d10      98%         3
 Airstrike                Air            0%         2d(0-16)  100%        4
 Anguish                  Hex/Necr       0%         N/A       100%        4
 Animate Dead             Necr           0%         N/A       100%        4
 Cause Fear               Hex            0%         N/A       100%        4
 Dispel Undead            Necr           0%         3d6       100%        4
 Flame Wave               Conj/Fire      0%         2d4       100%        4
 Iskenderun's Mystic Bla  Conj/Tloc      0%         2d3       100%        4
 Manifold Assault         Tloc           0%         N/A       100%        4
 Olgreb's Toxic Radiance  Pois           0%         N/A       100%        4
 Passage of Golubria      Tloc           0%         N/A       100%        4
 Petrify                  Tmut/Erth      0%         N/A       100%        4
 Sticky Flame             Conj/Fire      0%         2d3       100%        4
 Summon Ice Beast         Ice/Summ       0%         N/A       100%        4
 Summon Lightning Spire   Summ/Air       0%         N/A       100%        4
 Agony                    Necr           0%         N/A       100%        5
 Alistair's Intoxication  Tmut/Pois      0%         N/A       100%        5
 Arcjolt                  Conj/Air       0%         1d10      100%        5
 Blade Hands              Tmut           0%         N/A       100%        5
 Borgnjor's Vile Clutch   Necr/Erth      0%         N/A       100%        5
 Fireball                 Conj/Fire      0%         3d3       100%        5
 Freezing Cloud           Conj/Ice/Air   0%         6-21      100%        5
 Irradiate                Conj/Tmut      0%         3d11      100%        5
 Metabolic Englaciation   Hex/Ice        0%         N/A       100%        5
 Silence                  Hex/Air        0%         N/A       100%        5
 Death Channel            Necr           0%         N/A       100%        6
 Dispersal                Tloc           0%         N/A       100%        6
 Plasma Beam              Fire/Air       0%         2x1d10    100%        6
 Simulacrum               Ice/Necr       0%         N/A       100%        6
 Starburst                Conj/Fire      0%         6d3       100%        6
 Summon Cactus Giant      Summ           0%         N/A       100%        6
 Dragon Form              Tmut           0%         N/A       100%        7
 Enfeeble                 Hex            0%         N/A       100%        7
 Haunt                    Necr/Summ      0%         N/A       100%        7
 Orb of Destruction       Conj           0%         9d5       100%        7
 Ozocubu's Refrigeration  Ice            0%         4d7       100%        7
 Spellforged Servitor     Conj/Summ      0%         N/A       100%        7
 Summon Hydra             Summ           0%         N/A       100%        7
 Borgnjor's Revivificati  Necr           0%         N/A       100%        8
 Disjunction              Tloc           0%         N/A       100%        8
 Ignition                 Fire           0%         3d3       100%        8
 Infestation              Necr           0%         N/A       100%        8
 Lehudib's Crystal Spear  Conj/Erth      0%         10d2      100%        8
 Maxwell's Capacitive Co  Air            0%         ∞         100%        8
 Necromutation            Tmut/Necr      0%         N/A       100%        8
 Death's Door             Necr           0%         N/A       100%        9
 Polar Vortex             Ice            0%         N/A       100%        9


Dungeon Overview and Level Annotations

Branches:
Dungeon (15/15)            Temple (0/1) D:6            Lair (5/5) D:8
 Shoals (4/4) Lair:2        Snake (4/4) Lair:3        Slime (1/5) Lair:4
    Orc (2/2) D:9             Elf (3/3) Orc:2        Vaults (5/5) D:14
  Crypt (0/3) Vaults:3     Depths (4/4) D:15           Hell (visited)
    Zot (5/5) Depths:4     Bailey (visited)
    Dis: Hell:1         Geh: Hell:1         Coc: Hell:1         Tar: Hell:1

Altars:
Ashenzari
Cheibriados
Dithmenos
Elyvilon
Fedhas
Kikubaaqudgha
Nemelex Xobeh
Qazlal
Ru
Sif Muna
Trog
Uskayaw
Vehumet
Wu Jian
Zin
The Shining One

Shops:
D:6 :   D:11 !   D:12 ?   Orc:2 *:*(   Elf:1 [((*=   Elf:3 :   Vaults:1 =
Vaults:2 [   Vaults:4 ?   Vaults:5 !

Portals:
Hell: Depths:1 Depths:2 Depths:3 Depths:4
Abyss: Depths:2 Depths:3
Pandemonium: Depths:1 Depths:2
Ziggurat: Depths:1
Trove: D:11 (give horn of Geryon)

Annotations:
Elf:2 3 runed translucent doors
Hell Geryon


Innate Abilities, Weirdness & Mutations

You have a pair of horns on your head.
You reflexively headbutt those who attack you in melee.
You are partially covered in iridescent scales. (AC +2)
Your muscles are strong. (Str +4, Int/Dex -1)
Your spells are a little easier to cast, but a little less powerful.


Message History

You climb upwards.
There is a stone staircase leading down here.
There is a stone staircase leading up here.
You climb upwards.
There is a stone staircase leading down here.
An Ice Fiend comes into view.
Blink to where?
Press: ? - help, Dir - move target
As you read the scroll of blinking, it crumbles to dust.
There is a stone staircase leading up here.
You climb upwards.
There is a stone staircase leading down here.
(D) Dungeon (T) Temple (L) Lair (A) Shoals (P) Snake Pit (M) Slime Pits (O) Orcish Mines (E) Elven Halls (V) Vaults (C) Crypt (U) Depths (H) Hell (Z) Zot
Where to? (Enter - D:1 @ (x,y), ? - help)
There is an open door here.
A demonspawn corrupter comes into view. It is wielding a +0 great sword.
A demonspawn warmonger comes into view.
It is wielding a +0 demon whip of freezing and wearing a +7 plate armour of ponderousness.
The demonspawn corrupter calls forth creatures from the Realm of Zot!
A shadow demon comes into view.
The shadow demon gives a loud, deep croak!
The demonspawn warmonger unwields a +0 demon whip of freezing.
The demonspawn warmonger wields a +0 longbow of freezing.
It is covered in frost.
The demonspawn warmonger shoots an arrow.
The arrow misses you.
There is a stone staircase leading up here.
You climb upwards.
There is a stone staircase leading down here.
(D) Dungeon (T) Temple (L) Lair (A) Shoals (P) Snake Pit (M) Slime Pits (O) Orcish Mines (E) Elven Halls (V) Vaults (C) Crypt (U) Depths (H) Hell (Z) Zot
Where to? (Enter - D:1 @ (x,y), ? - help)
There is an open door here.
There is a staircase leading out of the dungeon here.
Unknown command.
You have escaped!

.##.#...######'#####...###.......
.'.......#####.#####..#..'.......
.##....................###.......
######.#...⌠.........#.# ##......
# ##......###.#####.# #♣.♣...
#.###..###'## #.# #....# #.#
#..##...# #.# ♣.♣+## #.#
#..##...# #.# #.#.#. #.#
#..##.@.# #.# ♣.♣.#P #.#
#..##...####.#####.#.## #.#
#..##...##.......#....# #.#
#..#########..##.#..(.. #
#.###..# #.P...##...#
#######......# #......##.##
........###### #..♣P.P.#.##
.######## ##.P♣.P..... .#
#.♣♣♣P...##


There were no monsters in sight!

Vanquished Creatures
  A dread lich (Vaults:5)
  6 orbs of fire (Zot:5)
  3 ancient liches
  Mara (Shoals:4)
  A juggernaut (Zot:5)
  Josephina (Depths:3)
  Bai Suzhen (Snake:4)
  Saint Roka (Depths:3)
  4 caustic shrikes
  Margery (Vaults:2)
  3 Killer Klowns (Zot:5)
  12 golden dragons
  Nikola (Vaults:3)
  A Brimstone Fiend (Depths:3)
  3 doom hounds (Zot:4)
  2 bone dragons
  3 electric golems
  Jorgrun (D:12)
  16 tentacled monstrosities
  A Hell Sentinel (D:14)
  26 Orb Guardians
  2 iron giants
  A lich (Depths:2)
  2 walking crystal tomes (Depths:2)
  A walking earthen tome (Depths:1)
  Grunn (Zot:4)
  A walking divine tome (Depths:1)
  3 deep elf master archers
  Asterion (Vaults:1)
  Polyphemus (Shoals:4)
  2 deep elf blademasters (Elf:3)
  Frances (Snake:1)
  5 quicksilver dragons
  4 titans
  5 death cobs
  6 sphinxes
  2 krakens
  Kirke (Snake:1)
  7 nagarajas
  Donald (Shoals:4)
  5 tengu reavers
  13 storm dragons
  10 shadow dragons
  5 draconian knights
  8 draconian monks
  9 fire giants
  Ilsuiw (Shoals:2)
  5 deep elf sorcerers
  8 draconian scorchers
  13 frost giants
  5 iron dragons
  21 vault wardens
  3 ghost moths
  Louise (Shoals:4)
  2 balrugs
  6 draconian stormcallers
  The ghost of Xig Suan the Devastator, an adept DECj of Sif Muna (Shoals:3)
  A war gargoyle (Vaults:5)
  A spriggan defender (Depths:2)
  7 draconian shifters
  An angel (Zot:1)
  An orc warlord (Orc:2)
  Aizul (Snake:1)
  2 quicksilver oozes (Vaults:4)
  19 ironbound preservers
  21 stone giants
  5 ironbound thunderhulks
  5 deep elf elementalists (Elf:3)
  17 very ugly things
  13 black draconians
  3 formless jellyfish
  6 draconian annihilators
  6 vampire knights
  11 deep elf annihilators
  18 red draconians
  14 green draconians
  6 deep elf demonologists
  9 yellow draconians
  16 purple draconians
  13 white draconians
  25 spark wasps
  15 dire elephants
  A minotaur (shapeshifter) (Elf:3)
  11 ettins
  4 merfolk javelineers
  Snorg (D:11)
  10 deep elf death magi
  10 merfolk impalers
  11 fire dragons
  3 crystal guardians
  2 deep elf high priests
  A green death (D:13)
  12 ice dragons
  3 jiangshi
  An entropy weaver (Vaults:2)
  3 salamander tyrants
  36 vault guards
  2 peacekeepers
  16 yaktaur captains
  8 great orbs of eyes
  Erolcha (D:12)
  5 rakshasas
  2 catoblepae
  11 centaur warriors
  An alligator snapping turtle (Shoals:3)
  8 anacondas
  3 ogre magi
  11 hydras
  A death knight (D:15)
  11 ironbound frosthearts
  6 spriggan air magi
  4 boulder beetles
  13 two-headed ogres
  4 merfolk avatars
  14 dancing weapons
  A radroach (shapeshifter) (Vaults:4)
  Erica (D:11)
  6 death yaks
  5 merfolk aquamancers (Shoals:4)
  2 satyrs
  7 spriggan berserkers
  5 tengu warriors (Depths:1)
  3 orc high priests (Orc:2)
  16 naga warriors
  8 deep troll earth magi
  5 vampire magi
  13 deep troll shamans
  11 deep elf knights
  A shock serpent (Snake:2)
  A soul eater (D:14)
  11 naga sharpshooters
  2 sun demons
  3 salamander mystics
  A skeletal warrior (D:14)
  8 hell knights
  A sixfirhy (D:14)
  13 iron trolls
  Amaemon (D:8)
  A death drake (Zot:4)
  10 skysharks
  A spark wasp zombie (Depths:1)
  66 deep trolls
  A flayed ghost (Depths:4)
  15 sea snakes
  6 glowing orange brains
  An obsidian statue (Zot:5)
  A tengu zombie (Depths:1)
  A steelbarb worm (shapeshifter) (Vaults:5)
  12 deep elf archers
  25 ironbound convokers
  10 lindwurms
  Pikel (D:8)
  5 naga ritualists
  19 deep elf pyromancers
  9 orc knights
  7 harpies
  7 necromancers
  13 mana vipers
  11 wizards
  6 phantasmal warriors
  25 ugly things
  17 deep elf zephyrmancers
  16 manticores
  12 fauns
  23 moths of wrath
  6 orc sorcerers
  An oklob plant (Orc:1)
  A faun (shapeshifter) (D:15)
  A frost giant zombie (Vaults:2)
  4 cyclopes
  14 salamanders
  Joseph (D:8)
  6 guardian serpents
  8 elephants
  11 vault sentinels
  39 black mambas
  9 merfolk sirens
  Maurice (D:10)
  15 naga magi
  2 stone giant skeletons
  5 orange demons
  4 rust devils
  A smoke demon (Depths:2)
  2 molten gargoyles (Lair:5)
  2 gargoyles (D:14)
  2 freezing wraiths (Vaults:5)
  6 water nymphs
  14 cane toads
  An efreet (D:14)
  3 rime drakes
  11 komodo dragons
  4 kobold demonologists
  An unseen horror (D:11)
  47 yaktaurs
  3 tengu conjurers
  3 ice devils (D:14)
  4 trolls
  A spark wasp simulacrum (Depths:3)
  3 red devils
  3 hellwings (D:14)
  24 merfolk
  4 polar bears
  A polar bear (shapeshifter) (D:15)
  Grinder (D:6)
  A tengu simulacrum (Depths:3)
  11 wind drakes
  A raiju (Snake:1)
  26 blink frogs
  5 dream sheep (Shoals:4)
  9 snapping turtles
  30 slime creatures
  An ettin zombie (Vaults:2)
  A jumping spider (Vaults:2)
  10 water elementals
  A spriggan skeleton (Depths:1)
  5 wyverns
  34 yaks
  3 fire elementals
  6 wraiths
  3 shadows
  A human (D:14)
  3 hogs (Snake:1)
  11 basilisks
  3 chaos spawn (D:14)
  4 steam dragons
  A redback (Vaults:2)
  A redback (shapeshifter) (Vaults:5)
  4 vampire mosquitoes (D:11)
  A neqoxec (Depths:2)
  5 wargs (Orc:2)
  An acid dragon (D:11)
  56 nagas
  7 water moccasins
  A floating eye (shapeshifter) (D:15)
  4 hell hounds (Lair:5)
  5 ice beasts
  2 sky beasts (D:7)
  36 orc warriors
  A black bear (D:4)
  6 ogres
  16 wolves
  A boggart (shapeshifter) (Vaults:5)
  5 boggarts (Vaults:4)
  6 centaurs
  A human skeleton (Vaults:2)
  2 kobold brigands
  A lemure (D:8)
  8 earth elementals
  19 bullfrogs
  A gnoll sergeant (D:7)
  2 glowing shapeshifter simulacra (Depths:3)
  A human simulacrum (Vaults:2)
  2 scorpions
  5 wights (D:9)
  2 killer bees
  8 howler monkeys
  2 electric eels (D:10)
  5 lava snakes (Lair:5)
  3 gnoll boudas
  15 orc priests
  3 hounds
  4 iguanas
  A hell rat (D:8)
  2 sleepcaps (D:6)
  23 orc wizards
  29 gnolls
  2 river rats (D:8)
  7 adders
  A white imp (D:6)
  2 worms
  A dart slug (D:4)
  93 orcs
  10 ball pythons
  5 endoplasms
  4 giant cockroaches
  10 goblins
  8 hobgoblins
  3 jackals (D:3)
  4 quokkas
  8 bats (D:5)
  3 frilled lizards
  12 kobolds
  7 rats
  3 tentacles
2083 creatures vanquished.

Vanquished Creatures (others)
  A golden dragon (Zot:4)
  A quicksilver dragon (Depths:3)
  Nessos (D:12)
  A red draconian (Depths:4)
  A deep elf zephyrmancer (Elf:1)
  A rime drake (Zot:4)
  A warg (Depths:3)
  2 humans
  An ogre (Vaults:5)
  9 tentacles
19 creatures vanquished.

Grand Total: 2102 creatures vanquished

Notes
Turn   | Place    | Note
-------+----------+-------------------------------------------
     0 | D:1      | Anon1729 the Minotaur Monk began the quest for the Orb.
     0 | D:1      | Reached XP level 1. HP: 19/19 MP: 0/0
    92 | D:1      | Found a faded altar of an unknown god.
   252 | D:1      | Reached XP level 2. HP: 27/27 MP: 1/1
   527 | D:1      | Reached skill level 1 in Armour
  1003 | D:2      | Reached skill level 1 in Invocations
  1008 | D:2      | Reached XP level 3. HP: 26/33 MP: 2/2
  1235 | D:2      | Identified the +5 leather armour of Courage {rF+}
  2195 | D:3      | Noticed a +0 spear
  2195 | D:3      | Noticed a +0 falchion
  2195 | D:3      | Noticed a +0 dagger
  2195 | D:3      | Noticed a +0 falchion
  2195 | D:3      | Noticed a +0 dagger
  2195 | D:3      | Noticed a +0 spear
  2195 | D:3      | Noticed a +0 short sword
  2195 | D:3      | Noticed a +0 short sword
  2323 | D:3      | Found a radiant altar of Vehumet.
  2348 | D:3      | Reached XP level 4. HP: 40/40 MP: 4/4
  2430 | D:3      | Noticed a scorpion
  2443 | D:3      | Killed a scorpion
  2563 | D:3      | Reached XP level 5. HP: 38/47 MP: 5/5
  2816 | D:3      | Found an ornate altar of the Wu Jian Council.
  2886 | D:3      | Found a hide-covered altar of Uskayaw.
  2910 | D:3      | Became a worshipper of Uskayaw the Reveller
  2910 | D:3      | Reached * piety under Uskayaw
  3140 | D:4      | Noticed a black bear
  3145 | D:4      | Reached ** piety under Uskayaw
  3147 | D:4      | Reached *** piety under Uskayaw
  3148 | D:4      | Killed a black bear
  3149 | D:4      | Reached skill level 1 in Shields
  3149 | D:4      | Reached XP level 6. HP: 45/55 MP: 6/6
  4059 | D:4      | Found a sparkling altar of Nemelex Xobeh.
  4063 | D:4      | Found a glowing golden altar of the Shining One.
  4133 | D:5      | Entered Level 5 of the Dungeon
  4142 | D:5      | Noticed an ice beast
  4160 | D:5      | Reached **** piety under Uskayaw
  4169 | D:5      | Killed an ice beast
  4169 | D:5      | Reached ***** piety under Uskayaw
  4170 | D:5      | Reached skill level 5 in Fighting
  4273 | D:5      | Reached XP level 7. HP: 61/61 MP: 8/8
  4306 | D:5      | Reached skill level 5 in Dodging
  4386 | D:5      | Reached skill level 5 in Short Blades
  4519 | D:5      | Found a shimmering blue altar of Sif Muna.
  5238 | D:6      | Noticed a steam dragon
  5252 | D:6      | Killed a steam dragon
  5253 | D:6      | Reached XP level 8. HP: 58/70 MP: 9/9
  5394 | D:6      | Found a staircase to the Ecumenical Temple.
  5404 | D:6      | Noticed Grinder
  5413 | D:6      | Paralysed by Grinder for 3 turns
  5423 | D:6      | Killed Grinder
  5508 | D:6      | Found Fauq's Self-Improvement Boutique.
  5571 | D:6      | Reached skill level 5 in Armour
  6321 | D:7      | Found a sacrificial altar of Ru.
  6444 | D:7      | Reached XP level 9. HP: 74/78 MP: 11/11
  6464 | D:7      | Reached ****** piety under Uskayaw
  6488 | D:7      | Reached skill level 5 in Shields
  6522 | D:7      | Noticed a troll
  6537 | D:7      | Killed a troll
  6577 | D:7      | Found a snail-covered altar of Cheibriados.
  6645 | D:7      | Reached skill level 5 in Invocations
  6734 | D:7      | Found a broken altar of Ashenzari.
  6907 | D:8      | Noticed Pikel
  6920 | D:8      | Killed Pikel
  6990 | D:8      | Found a staircase to the Lair.
  6990 | D:8      | Noticed a death yak
  7006 | D:8      | Killed a death yak
  7084 | D:8      | Noticed a death yak
  7085 | D:8      | Noticed a death yak
  7521 | D:8      | Reached XP level 10. HP: 85/87 MP: 13/13
  7879 | D:8      | Killed a death yak
  7882 | D:8      | Killed a death yak
  8107 | D:8      | Noticed Joseph
  8122 | D:8      | Killed Joseph
  8192 | D:8      | Found a white marble altar of Elyvilon.
  8248 | D:8      | Found an ancient bone altar of Kikubaaqudgha.
  8359 | D:8      | Noticed Amaemon
  8360 | D:8      | Noticed an orange demon
  8383 | D:8      | Killed an orange demon
  8392 | D:8      | Killed Amaemon
  9085 | D:9      | Reached XP level 11. HP: 97/97 MP: 15/15
  9323 | D:9      | Found a staircase to the Orcish Mines.
  9416 | D:9      | Found a glowing silver altar of Zin.
  9585 | D:10     | Entered Level 10 of the Dungeon
  9585 | D:10     | Noticed Maurice
  9585 | D:10     | Found a bloodstained altar of Trog.
  9599 | D:10     | Killed Maurice
  9683 | D:10     | Found a flagged portal.
  9808 | Bailey   | Entered a bailey
 10427 | D:10     | Found a blossoming altar of Fedhas.
 10433 | D:10     | Found a stormy altar of Qazlal.
 10616 | D:10     | Found a shadowy altar of Dithmenos.
 10700 | D:11     | Noticed Erica
 10712 | D:11     | Killed Erica
 10713 | D:11     | Reached skill level 10 in Fighting
 10768 | D:11     | Noticed a two-headed ogre
 10779 | D:11     | Killed a two-headed ogre
 10974 | D:11     | Found Racy's Distillery.
 10980 | D:11     | Bought a potion of resistance for 150 gold pieces
 10980 | D:11     | Bought 2 potions of heal wounds for 150 gold pieces
 10980 | D:11     | Bought a potion of heal wounds for 75 gold pieces
 10980 | D:11     | Bought a potion of attraction for 45 gold pieces
 10980 | D:11     | Bought a potion of curing for 45 gold pieces
 10980 | D:11     | Bought a potion of curing for 45 gold pieces
 11008 | D:11     | Noticed Snorg
 11020 | D:11     | Noticed a cyan ugly thing
 11032 | D:11     | Killed Snorg
 11283 | D:11     | Killed a cyan ugly thing
 11397 | D:11     | Noticed a centaur warrior
 11397 | D:11     | Noticed a white ugly thing
 11397 | D:11     | Noticed a boulder beetle
 11398 | D:11     | Noticed a deep elf pyromancer
 11437 | D:11     | Noticed a wolf spider
 11441 | D:11     | Noticed a deep elf pyromancer
 11525 | D:11     | Found a portal to a secret trove of treasure.
 11575 | D:11     | Reached XP level 12. HP: 105/107 MP: 16/16
 11863 | D:11     | Noticed a boulder beetle
 11885 | D:11     | Killed a boulder beetle
 11949 | D:11     | Noticed a two-headed ogre
 11954 | D:11     | Killed a two-headed ogre
 11955 | D:11     | Reached skill level 10 in Armour
 12104 | D:11     | Reached skill level 10 in Dodging
 12252 | D:12     | Noticed Erolcha
 12264 | D:12     | Killed Erolcha
 12265 | D:12     | Reached skill level 10 in Short Blades
 12478 | D:12     | Noticed Nessos
 12489 | D:12     | HP: 5/110 [Nessos (8)]
 12492 | D:12     | Killed Nessos
 12854 | D:12     | Noticed Jorgrun
 12873 | D:12     | Killed Jorgrun
 13090 | D:12     | Found Taonem's Magic Scroll Shoppe.
 13093 | D:12     | Bought a scroll of identify for 30 gold pieces
 13093 | D:12     | Bought a scroll of identify for 30 gold pieces
 13360 | D:12     | Reached skill level 10 in Shields
 13690 | D:13     | Noticed a two-headed ogre
 13699 | D:13     | Killed a two-headed ogre
 14233 | D:13     | Noticed a six-headed hydra
 14242 | D:13     | Killed a six-headed hydra
 14813 | Lair:1   | Entered Level 1 of the Lair of Beasts
 15089 | Lair:1   | Reached XP level 13. HP: 115/117 MP: 18/18
 15817 | Lair:2   | Found a staircase to the Shoals.
 17356 | Lair:3   | HP: 2/118 [polar bear (15)]
 18100 | Lair:3   | Found a staircase to the Snake Pit.
 19000 | Lair:4   | Reached skill level 10 in Invocations
 19654 | Lair:4   | Found a staircase to the Slime Pits.
 19860 | Lair:5   | Entered Level 5 of the Lair of Beasts
 19883 | Lair:5   | Reached XP level 14. HP: 127/127 MP: 20/20
 20422 | Lair:5   | Found a snail-covered altar of Cheibriados.
 21020 | Lair:5   | Found a large runed translucent door.
 21049 | Lair:5   | Found a large runed translucent door.
 21811 | Lair:5   | Identified a scroll of acquirement
 21813 | Lair:5   | Acquired the +3 kite shield "Peucous" {rF+ rN+ Int-3}
 21818 | Lair:5   | Reached XP level 15. HP: 136/136 MP: 20/23
 21819 | Lair:5   | Reached XP level 16. HP: 144/144 MP: 20/24
 21820 | Lair:5   | Reached XP level 17. HP: 150/150 MP: 20/25
 23250 | D:14     | Found a gate to the Vaults.
 23728 | D:15     | Entered Level 15 of the Dungeon
 24590 | D:15     | Found the +7 mace of Variability {chaos, chaos arc}
 25245 | D:15     | Found a staircase to the Depths.
 25652 | Orc:1    | Entered Level 1 of the Orcish Mines
 26126 | Orc:2    | Entered Level 2 of the Orcish Mines
 26334 | Orc:2    | Reached XP level 18. HP: 82/160 MP: 11/26
 27441 | Orc:2    | Found Telabb's Weapon Boutique.
 27441 | Orc:2    | Found Daeruaso's Assorted Antiques.
 27443 | Orc:2    | Found Efupt's General Store.
 27443 | Orc:2    | Found Soter's Book Shoppe.
 27574 | Orc:2    | Found a staircase to the Elven Halls.
 28113 | Elf:1    | Entered Level 1 of the Elven Halls
 28689 | Elf:1    | Found Reryohuh's Jewellery Emporium.
 29023 | Elf:1    | Reached skill level 15 in Shields
 29043 | Elf:1    | HP: 8/161 [deep elf archer/arrow (21)]
 29512 | Elf:1    | Found an ancient bone altar of Kikubaaqudgha.
 29521 | Elf:1    | Identified the +0 robe of Waim {rN+ Int+3 Stlth+}
 29547 | Elf:1    | Found Fuifuzewaff's Assorted Antiques.
 29682 | Elf:1    | Found Ceplet's Antique Weapon Emporium.
 29704 | Elf:1    | Found Jeoletwups's Armour Shop.
 29892 | Elf:1    | Found Ratax's Antique Weapon Shoppe.
 30209 | Elf:2    | Reached skill level 15 in Short Blades
 30234 | Elf:2    | Found a shimmering blue altar of Sif Muna.
 30539 | Elf:2    | Reached skill level 15 in Fighting
 31141 | Elf:2    | Found a runed translucent gate.
 31141 | Elf:2    | Found a runed translucent gate.
 31141 | Elf:2    | Found a runed translucent gate.
 31303 | Elf:3    | Entered Level 3 of the Elven Halls
 31303 | Elf:3    | Found Ixost's Book Shop.
 31854 | Elf:3    | Identified the ring "Daituel" {Fly MP-9 Int+4}
 32168 | Elf:3    | Reached skill level 15 in Armour
 32170 | Elf:3    | Identified the +5 trident of the Apocalypse {antimagic,
                  | Str+2 Int+5}
 32171 | Elf:3    | Identified the +10 sling "Emeeck" {heavy, Fragile rElec rF+
                  | Stlth+}
 32171 | Elf:3    | Identified the amulet "Lor Usin" {RegenMP *Slow rF+ rN+
                  | Stlth+}
 32173 | Elf:3    | Noticed a Brimstone Fiend
 32175 | Elf:3    | Identified the +0 chain mail of Araph {Harm rF- rC++ Str+2}
 32176 | Elf:3    | Identified the +3 robe of the Heavens {Fly Will- rCorr
                  | Str+6}
 32177 | Elf:3    | Identified the +7 flail of Bread {speed, rN+}
 32187 | Elf:3    | Noticed a Brimstone Fiend
 32192 | Elf:3    | Identified the +6 dire flail of Miug {flame, *Corrode Fly
                  | rPois rN++}
 32246 | Elf:3    | Found the +27 heavy crossbow "Sniper" {heavy, Acc+∞ SInv}
 32306 | Elf:3    | Reached XP level 19. HP: 115/169 MP: 28/28
 32538 | Elf:3    | Identified the staff "Ehire" {rC+ rN+ MP+9 Stlth+ Necro}
 33634 | Elf:3    | Identified the -2 helmet "Erulozic" {-Cast rElec rF+++
                  | Will+}
 33638 | Elf:3    | Identified the staff of Due Proportion {rF+ rCorr Str+2
                  | Dex-5 Earth}
 33662 | Elf:3    | Got Eplu Erphoati's Reference Book on the Door
 33674 | Elf:3    | Got Woshrowo's Spellbook of Bruises
 34177 | Shoals:1 | Entered Level 1 of the Shoals
 34184 | Lair:2   | Acquired the ring of Ryexu {Fly Int+3 Slay+3}
 34414 | Shoals:1 | Reached skill level 1 in Ranged Weapons
 35195 | Shoals:2 | Noticed Ilsuiw
 35204 | Shoals:2 | Killed Ilsuiw
 37268 | Shoals:3 | Reached skill level 15 in Dodging
 37420 | Shoals:3 | Acquired the +4 rapier of the Valley of Death {drain, rC+
                  | rN+ Will+ Dex+3}
 37574 | Shoals:3 | Identified the +0 pair of gloves of the Gastropod {Drain
                  | Will+ Regen+ rCorr}
 37882 | Shoals:3 | Found a runed translucent door.
 37883 | Shoals:3 | Noticed Xig Suan's ghost (adept DECj)
 38321 | Shoals:3 | Killed Xig Suan's ghost
 38457 | Shoals:4 | Entered Level 4 of the Shoals
 38485 | Shoals:4 | Noticed Polyphemus
 38505 | Shoals:4 | Killed Polyphemus
 38753 | Shoals:4 | Noticed Donald
 38911 | Shoals:4 | Identified the +10 orcbow of Egomania {drain, rElec rF-
                  | rCorr Dex+2}
 38930 | Shoals:4 | Killed Donald
 39015 | Shoals:4 | Identified the +2 pair of gloves "Rest" {Str-3 Slay+5}
 39344 | Shoals:4 | Noticed Mara
 39346 | Shoals:4 | Noticed Anon1729's illusion
 39394 | Shoals:4 | Killed Mara
 39587 | Shoals:4 | Got a barnacled rune of Zot
 39759 | Shoals:4 | Identified the +7 chain mail "Ritsab" {-Cast rPois Str+7}
 39799 | Shoals:4 | Reached XP level 20. HP: 146/182 MP: 30/30
 39928 | Shoals:4 | Noticed Louise
 39930 | Shoals:4 | Reached skill level 5 in Ranged Weapons
 39941 | Shoals:4 | Killed Louise
 40590 | Snake:1  | Entered Level 1 of the Snake Pit
 40590 | Snake:1  | Noticed Frances
 40590 | Snake:1  | Found a hide-covered altar of Uskayaw.
 40603 | Snake:1  | Killed Frances
 40639 | Snake:1  | Noticed Kirke
 40650 | Snake:1  | Killed Kirke
 41015 | Snake:1  | Noticed Aizul
 41027 | Snake:1  | Killed Aizul
 41204 | Snake:1  | Identified the +4 ring mail of the Distant Future {*Slow
                  | rF+++ Regen+ Dex-5}
 41248 | Snake:1  | Reached skill level 15 in Invocations
 44105 | Snake:4  | Entered Level 4 of the Snake Pit
 44561 | Snake:4  | Got the Volume of Frosty Malignant Secrets
 44580 | Snake:4  | Noticed Bai Suzhen
 44614 | Snake:4  | Killed Bai Suzhen
 45367 | Snake:4  | Reached XP level 21. HP: 185/193 MP: 31/31
 45493 | Snake:4  | Got a serpentine rune of Zot
 45996 | Slime:1  | Entered Level 1 of the Pits of Slime
 46290 | Vaults:1 | Entered Level 1 of the Vaults
 46319 | Vaults:1 | Found Wotuan's Jewellery Boutique.
 46877 | Vaults:1 | Noticed Asterion
 46896 | Vaults:1 | Killed Asterion
 47886 | Vaults:2 | Noticed Margery
 47898 | Vaults:2 | Killed Margery
 49122 | Vaults:2 | Found Imosch's Armour Emporium.
 49131 | Vaults:2 | Bought the +0 hat of the Big Bang {Dex+3} for 190 gold
                  | pieces
 50033 | Vaults:3 | Found a staircase to the Crypt.
 50207 | Vaults:3 | Reached XP level 22. HP: 204/204 MP: 33/33
 50553 | Vaults:3 | Noticed Nikola
 50564 | Vaults:3 | Killed Nikola
 50811 | Vaults:3 | Identified the +10 morningstar "Ameqo" {elec, Fly rPois}
 50982 | Vaults:3 | Identified the +1 robe of the Salmon {+Inv}
 51154 | Vaults:3 | Reached skill level 10 in Ranged Weapons
 51478 | Vaults:4 | Identified the +4 chain mail of the Sparrow {Drain rPois
                  | Regen+ Stlth-}
 51761 | Vaults:4 | Found a runed translucent door.
 51873 | Vaults:4 | Found Neguklaa's Magic Scroll Shop.
 52173 | Vaults:4 | Bought a scroll of silence for 180 gold pieces
 52173 | Vaults:4 | Bought a scroll of teleportation for 57 gold pieces
 52173 | Vaults:4 | Bought a scroll of enchant armour for 142 gold pieces
 52173 | Vaults:4 | Bought a scroll of immolation for 76 gold pieces
 52173 | Vaults:4 | Bought a scroll of fog for 76 gold pieces
 52173 | Vaults:4 | Bought a scroll of poison for 76 gold pieces
 52173 | Vaults:4 | Bought a scroll of poison for 76 gold pieces
 52655 | Vaults:5 | Entered Level 5 of the Vaults
 52683 | Vaults:5 | Noticed a golden dragon
 52702 | Vaults:5 | Noticed a dread lich
 53243 | Vaults:5 | Killed a dread lich
 53244 | Vaults:5 | Reached XP level 23. HP: 166/213 MP: 34/34
 53247 | Vaults:5 | Noticed an ancient lich
 53257 | Vaults:5 | Identified the +0 war axe of the Disturbing Stars {drain,
                  | Int+3}
 53665 | Vaults:5 | Killed an ancient lich
 53666 | Vaults:5 | Reached skill level 1 in Stealth
 53806 | Vaults:5 | Identified the +2 eveningstar "Axtiosab" {spect, rElec rF+
                  | Dex+2}
 54032 | Vaults:5 | Found the +2 shield of Resistance {rF++ rC++ Will++}
 54035 | Vaults:5 | Found the +8 storm bow {elec, penet}
 54036 | Vaults:5 | Found Eruc's Distillery.
 54104 | Vaults:5 | Bought a potion of heal wounds for 75 gold pieces
 54104 | Vaults:5 | Bought a potion of curing for 45 gold pieces
 54104 | Vaults:5 | Bought a potion of curing for 45 gold pieces
 54388 | Vaults:5 | Identified the +3 falchion of Vanity {holy, rElec rF++
                  | Str+3}
 54430 | Vaults:5 | Identified the +6 leather armour of the Guilds {+Inv rN++
                  | Will+ Int-3}
 54785 | Vaults:5 | Identified the +5 battleaxe of Usue {freeze, Drain Fly
                  | Will+++ Int+3}
 55087 | Vaults:5 | Got a silver rune of Zot
 55195 | Vaults:5 | Got the Folio of Snowy Convocation
 55776 | Depths:1 | Entered Level 1 of the Depths
 56226 | Depths:1 | Found a one-way gateway to a ziggurat.
 56331 | Depths:1 | Found a gateway to Hell.
 56415 | Depths:1 | Reached skill level 5 in Stealth
 56667 | Depths:1 | Found a bloodstained altar of Trog.
 57444 | Depths:1 | Found a one-way gate leading to the halls of Pandemonium.
 57532 | Depths:2 | Reached XP level 24. HP: 224/224 MP: 34/34
 57817 | Depths:2 | Identified the +0 great sword "Votoul" {flame, rElec MP+9
                  | Stlth+}
 57831 | Depths:2 | Identified the +4 short sword "Totir" {heavy, Str+3 Stlth+}
 58160 | Depths:2 | Found a gateway to a bazaar.
 58693 | Bazaar   | Entered a bazaar
 59043 | Bazaar   | Found Yrowkibb's Weapon Emporium.
 59051 | Bazaar   | Found Deqoot's Distillery.
 59059 | Bazaar   | Bought a potion of invisibility for 96 gold pieces
 59059 | Bazaar   | Bought 2 potions of resistance for 240 gold pieces
 59059 | Bazaar   | Bought a potion of might for 48 gold pieces
 59059 | Bazaar   | Bought a potion of curing for 36 gold pieces
 59059 | Bazaar   | Bought 2 potions of haste for 240 gold pieces
 59059 | Bazaar   | Bought a potion of curing for 36 gold pieces
 59059 | Bazaar   | Bought a potion of resistance for 120 gold pieces
 59092 | Bazaar   | Found Uwuit's Book Shoppe.
 59100 | Bazaar   | Found Yraobuu's Magic Scroll Shop.
 59157 | Bazaar   | Bought a scroll of fear for 44 gold pieces
 59157 | Bazaar   | Bought a scroll of identify for 22 gold pieces
 59157 | Bazaar   | Bought a scroll of amnesia for 44 gold pieces
 59157 | Bazaar   | Bought a scroll of teleportation for 33 gold pieces
 59157 | Bazaar   | Bought a scroll of blinking for 82 gold pieces
 59157 | Bazaar   | Bought a scroll of poison for 44 gold pieces
 59157 | Bazaar   | Bought a scroll of immolation for 44 gold pieces
 59335 | Depths:2 | Found the ring of the Tortoise {AC+8}
 59418 | Depths:2 | Identified the +10 sling of the Dwarven Hall {drain,
                  | *Corrode rElec Str+3}
 59462 | Depths:2 | Found a one-way gate to the infinite horrors of the Abyss.
 59688 | Depths:2 | Found a shimmering blue altar of Sif Muna.
 60184 | Depths:3 | Found a flickering gateway to a bazaar.
 60242 | Bazaar   | Entered a bazaar
 60423 | Bazaar   | Found Eqyihiar's General Store.
 60423 | Bazaar   | Found Ydoofeq's Armour Shoppe.
 60434 | Bazaar   | Bought a scroll of fog for 40 gold pieces
 60445 | Bazaar   | Found Nuizieqo's General Store.
 60445 | Bazaar   | Found Quzuzeloj's Book Shoppe.
 60467 | Bazaar   | Found Ydaokui's Antique Weapon Emporium.
 60483 | Bazaar   | Found Vemmoelach's Book Emporium.
 60668 | Depths:3 | Identified the ring "Zirch" {Ice Str+4 SInv}
 60668 | Depths:3 | Noticed Josephina
 60681 | Depths:3 | Killed Josephina
 60684 | Depths:3 | Noticed Saint Roka
 60724 | Depths:3 | Killed Saint Roka
 61564 | Depths:4 | Entered Level 4 of the Depths
 61926 | Depths:4 | Reached XP level 25. HP: 231/233 MP: 35/35
 62660 | Hell     | Entered the Vestibule of Hell
 62660 | Hell     | Noticed Geryon
 63124 | Depths:4 | Found a gate to the Realm of Zot.
 63149 | Zot:1    | Entered Level 1 of the Realm of Zot
 63178 | Zot:1    | Reached skill level 15 in Ranged Weapons
 65949 | Zot:2    | Reached skill level 10 in Stealth
 66742 | Zot:3    | Reached XP level 26. HP: 177/244 MP: 35/35
 67704 | Zot:4    | Identified the +7 rapier of Mutilation {heavy, Will++ rCorr
                  | Int+3 SInv}
 67970 | Zot:4    | Noticed Grunn
 67991 | Zot:4    | Killed Grunn
 68795 | Zot:4    | Identified the +3 plate armour "Forget-Me-Not" {-Cast rC++
                  | rN+}
 68801 | Zot:4    | Got the Folio of Loss
 68852 | Zot:4    | Found the +5 woodcutter's axe
 69073 | Zot:5    | Entered Level 5 of the Realm of Zot
 69393 | Zot:5    | Reached skill level 1 in Evocations
 69616 | Zot:5    | Noticed an ancient lich
 69620 | Zot:5    | Noticed an orb of fire
 69621 | Zot:5    | Noticed an orb of fire
 69628 | Zot:5    | Noticed an orb of fire
 69628 | Zot:5    | Noticed an orb of fire
 69636 | Zot:5    | Gained mutation: You occasionally shout uncontrollably at
                  | your foes. [an orb of fire]
 69637 | Zot:5    | Noticed an orb of fire
 69642 | Zot:5    | Killed an ancient lich
 69653 | Zot:5    | Gained mutation: Your magical capacity is low. (-10% MP)
                  | [an orb of fire]
 69654 | Zot:5    | Noticed an orb of fire
 69657 | Zot:5    | Noticed an ancient lich
 69660 | Zot:5    | Killed an orb of fire
 69685 | Zot:5    | Killed an orb of fire
 69686 | Zot:5    | Killed an orb of fire
 69692 | Zot:5    | Gained mutation: You are vulnerable to heat. (rF-) [an orb
                  | of fire]
 70055 | Zot:4    | Lost mutation: You occasionally shout uncontrollably at
                  | your foes. [potion of mutation]
 70055 | Zot:4    | Lost mutation: You are vulnerable to heat. (rF-) [potion of
                  | mutation]
 70055 | Zot:4    | Lost mutation: Your magical capacity is low. (-10% MP)
                  | [potion of mutation]
 70055 | Zot:4    | Gained mutation: You are partially covered in iridescent
                  | scales. (AC +2) [potion of mutation]
 70055 | Zot:4    | Gained mutation: Your spells are a little easier to cast,
                  | but a little less powerful. [potion of mutation]
 70055 | Zot:4    | Gained mutation: Your muscles are strong. (Str +4, Int/Dex
                  | -1) [potion of mutation]
 70071 | Zot:5    | Killed an orb of fire
 70072 | Zot:5    | Killed an ancient lich
 70074 | Zot:5    | Killed an orb of fire
 70077 | Zot:5    | Killed an orb of fire
 70695 | Zot:5    | a Killer Klown changed into a juggernaut
 70695 | Zot:5    | Noticed a juggernaut
 70972 | Zot:5    | Reached skill level 5 in Evocations
 70973 | Zot:5    | Killed a juggernaut
 70974 | Zot:5    | Reached XP level 27. HP: 136/254 MP: 35/35
 71799 | Zot:5    | Got the Orb of Zot
 71998 | Depths:2 | Noticed Ingeocy the pandemonium lord
 72095 | D:15     | Noticed Otaigu the pandemonium lord
 72467 | D:$      | Escaped with the Orb!

Illustrated notes

Levels and vault maps discovered:
D:1:      dpeg_arrival_rooms_a, layout_loops_corners, serial_forest,
          infiniplex_forest_lined_2, infiniplex_forest_straight_4,
          infiniplex_forest_lined_1, infiniplex_forest_clump_diagonal,
          infiniplex_forest_clump_long, infiniplex_forest_zigzag_2,
          infiniplex_forest_clump_small, hellmonk_ecumenical_altar_run_dry
D:2:      layout_basic
D:3:      layout_loops_ring, lemuel_coloured_pillars_altar,
          mainiacjoe_overflow_boulevard, nicolae_uskayaw_en_pointe
D:4:      layout_basic, minitemple
D:5:      layout_loops_ring, mainiacjoe_overflow_alcove_2, roderic_batcave
D:6:      hellmonk_ruined_rings, layout_basic, minmay_temple_entry_junction_2,
          nicolae_shop_self_help, uniq_grinder
D:7:      layout_loops_ring, mainiacjoe_overflow_six_doors_small,
          ashenzari_altar_1, kennysheep_mini
D:8:      layout_basic, mainiacjoe_overflow_alcove_4, tgw_kikubaaqudgha,
          dpeg_lair_monsters, uniq_joseph, uniq_pikel, uniq_amaemon
D:9:      minmay_general_purpose_star, layout_cave_pools, kennysheep_little_box,
          orc_0_dummy
D:10:     layout_basic, grunt_temple_overflow_forces_of_nature,
          general_overflow_altar, mainiacjoe_overflow_catwalk, enter_bailey_6,
          uniq_maurice
D:11:     wad_arrow_thing, layout_basic, nicolae_trove_entry_isolated,
          serial_shops, nicolae_shop_tiny_glass, chequers_serial_rivers_room_b,
          eino_small_chamber_without_monster, minivault_12, uniq_erica,
          uniq_snorg
D:12:     layout_gridville, serial_shops, nicolae_shop_rolled_up, uniq_jorgrun,
          uniq_nessos, uniq_erolcha
D:13:     layout_stronghold
D:14:     layout_roguey, grunt_vaults_entry_fortified, serial_demonic,
          serial_demonic_e, serial_demonic_f, serial_demonic_a,
          serial_demonic_d, serial_demonic_f, serial_demonic_b,
          minmay_increasing_density
D:15:     gammafunk_enter_depths_forms, layout_irregular_city,
          serial_co_window_serial, co_window_corner_a, co_window_paths_a,
          co_window_paths_b, co_window_paths_a, co_window_of_opportunity_a,
          co_window_2corner, co_window_unsneaky_path_b, co_window_corner_cb,
          glass_columns_a, portal_ice_cave_entry_dragon
Lair:1:   layout_regular_city, beast_lair_carwin_3, infiniplex_staircase_pool
Lair:2:   layout_layer_cave, minmay_shoals_entry_beasts
Lair:3:   layout_cave_pods, nicolae_snake_entry_squirm, gauntlet_entry_generic,
          beast_lair_carwin_5
Lair:4:   layout_loops_ring, dpeg_slime_entry_enclosed, lemuel_fruit_tree
Lair:5:   cheibrodos_lair_end_hotspot, layout_regular_city, basic_altar
Shoals:1: layout_shoals, nicolae_shoals_gull_way
Shoals:2: cheibrodos_shoals_satyrical_garden, layout_shoals, uniq_ilsuiw
Shoals:3: layout_shoals, gammafunk_ghost_grave
Shoals:4: shoals_end_simple, layout_shoals, uniq_polyphemus, uniq_louise,
          uniq_mara, uniq_donald
Snake:1:  layout_misc_corridors, basic_altar, beargit_elvish_explorers,
          uniq_frances, uniq_kirke, uniq_aizul
Snake:2:  layout_chambers, special_room
Snake:3:  layout_chambers, grunt_ministairs_5
Snake:4:  minmay_snake_end_coiled, layout_cave_town, library_closet,
          st_stairs_2, uniq_bai_suzhen
Slime:1:  layout_caves
Orc:1:    layout_caves, mines3_lemuel
Orc:2:    grunt_orc_tribal_feast, layout_caves
Elf:1:    eino_elf_arrival_shootout, layout_loops_corners, serial_shops, shop,
          nicolae_shop_behind_doors, shop, nicolae_shop_tiny_real_fake_doors,
          shop, basic_altar, evilmike_minifort, minmay_crystal_room
Elf:2:    nicolae_elf_blades_crystal_corner, layout_geoelf_diagonals,
          basic_altar, guppyfry_elf_garden
Elf:3:    grunt_elf_hall_diamonds, layout_geoelf_grid, serial_shops, shop
Vaults:1: vaults_mumra_hex, v_misc_18, nicolae_vaults_shrinking_rooms_1,
          v_alt_pattern_5, dpeg_vaults_monster_row, vaults_room_fours,
          nicolae_vaults_variable_pillar_hall, vaults_dpeg_cross,
          nicolae_vaults_double_plus_1, layout_vaults_omnigrid, serial_shops,
          nicolae_shop_waterfront, uniq_asterion
Vaults:2: portal_desolation_entry_nicolae_slug, vaults_mumra_chevron,
          nicolae_vaults_apartment_2, hangedman_vaults_capsules,
          nicolae_vaults_apartment_2, v_misc_23,
          nicolae_vaults_security_offices_2, nicolae_vaults_alarming,
          grunt_vaults_hallway_long, nicolae_vaults_more_shelving_1,
          nicolae_vaults_tetromino_L_2, vaults_room_grunt_arrival_ludios,
          layout_vaults_chaotic_city, serial_shops,
          nicolae_shop_pleasant_corner_grove, uniq_margery
Vaults:3: nicolae_vaults_network_barrier, ontoclasm_vaults_ring_square,
          minmay_crypt_entry_simple_round, nicolae_vaults_tetromino_T_1,
          nicolae_vaults_octagons, vaults_room_stairs_pillars,
          nicolae_vaults_border_crossing, nicolae_vaults_offset_grid_hallway_3,
          ontoclasm_vaults_pinch, nicolae_vaults_diamond_1,
          nicolae_vaults_apartment_2, nicolae_vaults_offset_grid_hallway_2,
          ontoclasm_vaults_twist, hangedman_vaults_snaps, layout_vaults_omnibox,
          uniq_nikola
Vaults:4: v_misc_12, v_misc_9, nicolae_vaults_network_s, v_rooms_6,
          vaults_mumra_minichess, nicolae_vaults_oozy_zoo,
          nicolae_vaults_hallways_thing, ontoclasm_vaults_gateway,
          nicolae_vaults_tetromino_Z_1, vaults_room_fours,
          layout_vaults_omnicross, serial_shops, shop
Vaults:5
Depths:1: layout_forbidden_donut, enter_ziggurat_a, rand_demon_pan_entry_4,
          serial_bayou_ford_a, hell_entry, evilmike_spriggan_trog_shrine,
          serial_bayou_shore_a
Depths:2: minmay_the_grid_square_5x5_5x5_mashed
          [minmay_the_grid_square_5x5_minivault,
          minmay_the_grid_square_5x5_beaten_path,
          minmay_the_grid_square_5x5_three_small,
          minmay_the_grid_square_5x5_three_walls,
          minmay_the_grid_square_5x5_tie, minmay_the_grid_square_5x5_three,
          minmay_the_grid_square_5x5_prize_pseudospiral,
          minmay_the_grid_square_5x5_slash,
          minmay_the_grid_square_5x5_prize_waves,
          minmay_the_grid_square_5x5_plus, minmay_the_grid_square_5x5_inner_v,
          minmay_the_grid_square_5x5_sharp_hourglass,
          minmay_the_grid_square_5x5_prize_deathbox,
          minmay_the_grid_square_5x5_tetrominoes,
          minmay_the_grid_square_5x5_trominoes,
          minmay_the_grid_square_5x5_intrusive_squares,
          minmay_the_grid_square_5x5_prize_rear_guard,
          minmay_the_grid_square_5x5_empty,
          minmay_the_grid_square_5x5_prize_monsterx,
          minmay_the_grid_square_5x5_comb,
          minmay_the_grid_square_5x5_pentomino_r,
          minmay_the_grid_square_5x5_misaligned,
          minmay_the_grid_square_5x5_two_walls_a,
          minmay_the_grid_square_5x5_longway,
          minmay_the_grid_square_5x5_eight_small], layout_gridlike, hell_entry,
          abyss_entry, serial_shops, bzr_entry_water, lemuel_blue_sif_altar,
          grunt_pan_entry_spiral
Depths:3: dreamdust_hydra_shepherd, layout_gridlike, pf_coc_iceberg,
          nrook_uturn, abyss_entry, serial_shops, bzr_entry_lakeside,
          uniq_josephina, uniq_saint_roka
Depths:4: grunt_zot_entry_gee_three, layout_basic, serial_shops,
          bzr_entry_islet, lightli_too_deep, grunt_decor_junction
Hell
Zot:1:    layout_misc_corridors
Zot:2:    layout_gridlike
Zot:3:    minmay_elemental_castle, layout_basic
Zot:4:    layout_onion, st_large_dragon_hoard_3, uniq_grunn
Zot:5:    layout_misc_corridors, hangedman_zot_decor_tridents,
          grunt_ministairs_14

Skill      XL: |  1  2  3  4  5  6  7  8  9 10 11 12 13 14 15 16 17 18 19 20 21 22 23 24 25 26 |
---------------+-------------------------------------------------------------------------------+-----
Armour         | 1 2 3 4 5 7 8 9 11 12 13 15 16 17 18 19 20 21 | 21.6
Invocations    | 1 2 3 4 5 6 7 9 10 12 13 14 15 16 17 18 19 | 19.2
Fighting       | 4 5 6 8 9 10 11 12 13 14 15 16 17 18 19 20 21 22 | 22.1
Short Blades   | 4 5 6 7 8 9 10 11 12 13 14 15 16 17 18 19 20 21 | 21.3
Dodging        | 4 5 6 7 8 9 10 11 12 13 14 15 16 17 18 19 20 | 20.4
Shields        | 1 2 3 4 6 7 9 10 11 12 13 14 15 16 17 18 19 20 21 22 | 22.1
Ranged Weapons | 4 7 9 11 12 14 16 | 16.6
Stealth        | 5 8 10 12 | 12.4
Evocations     | 5 |  5.8

Action                     |  1- 3 |  4- 6 |  7- 9 | 10-12 | 13-15 | 16-18 | 19-21 | 22-24 | 25-27 || total
---------------------------+-------+-------+-------+-------+-------+-------+-------+-------+-------++-------
  Melee: Short sword       |    97 |   127 |   106 |   456 |   655 |  1378 |   450 |       |       ||  3269
         Headbutt          |    22 |    37 |    84 |   192 |   248 |   420 |   713 |   681 |   586 ||  2983
         Dagger            |       |       |   196 |   158 |       |       |       |       |       ||   354
         Rapier            |       |       |       |       |       |       |  1619 |  1734 |  1443 ||  4796
 Invoke: Stomp             |       |       |     1 |     8 |     4 |    29 |    14 |    11 |     3 ||    70
         Line Pass         |       |       |       |     7 |     1 |     6 |     4 |     4 |     3 ||    25
         Grand Finale      |       |       |       |       |     2 |     4 |     3 |     7 |     5 ||    21
  Evoke: Wand              |       |       |       |     6 |     1 |    13 |     2 |     3 |     1 ||    26
    Use: Scroll            |       |     5 |     1 |    13 |     7 |     6 |     8 |     5 |     9 ||    54
         Potion            |       |       |       |     6 |     4 |    10 |     2 |     3 |    15 ||    40
   Stab: Paralysed         |       |     3 |    18 |    52 |    39 |    90 |   187 |   204 |   101 ||   694
         Confused          |       |       |       |     5 |       |     5 |     4 |     1 |     1 ||    16
         Petrified         |       |       |       |       |     1 |       |     2 |       |       ||     3
         Distracted        |       |       |       |       |       |     1 |       |     2 |     3 ||     6
         Sleeping          |       |       |       |       |       |     1 |       |       |     7 ||     8
 Armour: Robe              |     7 |       |       |       |       |       |       |       |       ||     7
         Leather armour    |     3 |    36 |    54 |    73 |    75 |    57 |    70 |       |       ||   368
         Chain mail        |       |       |       |       |       |       |   124 |   274 |   254 ||   652
  Dodge: Dodged            |    44 |    63 |   153 |   320 |   429 |   365 |   496 |   630 |   629 ||  3129
  Block: Orb               |       |       |    43 |    96 |   124 |       |       |       |       ||   263
         Reflection        |       |       |     3 |     2 |       |    66 |   143 |    71 |    13 ||   298
         Kite shield       |       |       |       |       |       |   914 |  1466 |  1247 |  1069 ||  4696

Table legend: (Time is in decaauts)
 A = Elapsed time spent in this place.
 B = Non-inter-level travel time spent in this place.
 C = Inter-level travel time spent in this place.
 D = Time resting spent in this place.
 E = Time spent auto-exploring this place.
 F = Levels seen in this place.
 G = Mean time per level.
                   A        B        C        D        E       F      G
               +--------+--------+--------+--------+--------+-----+--------+
         Total |  68764 |  63927 |   4837 |   7170 |  46794 |  52 | 1322.4 |
       Dungeon |  18789 |  16604 |   2185 |   1181 |  13209 |  15 | 1252.6 |
          Lair |   7118 |   6559 |    559 |    145 |   5499 |   5 | 1423.6 |
        Shoals |   6163 |   5805 |    358 |    600 |   4339 |   4 | 1540.8 |
     Snake Pit |   4848 |   4617 |    231 |    224 |   3603 |   4 | 1212.0 |
    Slime Pits |      1 |      1 |      0 |      0 |      0 |   1 |    1.0 |
  Orcish Mines |   2631 |   2477 |    154 |    692 |   1406 |   2 | 1315.5 |
   Elven Halls |   5170 |   4918 |    252 |   1365 |   2691 |   3 | 1723.3 |
        Vaults |   8576 |   7996 |    580 |    933 |   5694 |   5 | 1715.2 |
        Depths |   6744 |   6451 |    293 |   1160 |   4114 |   4 | 1686.0 |
          Hell |      1 |      1 |      0 |      0 |      0 |   1 |    1.0 |
           Zot |   7573 |   7352 |    221 |    869 |   5327 |   5 | 1514.6 |
        Bazaar |    842 |    842 |      0 |      0 |    698 |   2 |  421.0 |
        Bailey |    302 |    302 |      0 |      0 |    213 |   1 |  302.0 |
               +--------+--------+--------+--------+--------+-----+--------+

Top non-repeatable levels by time:
   Elf:3: 2551 daAuts
Depths:1: 2398 daAuts
   Zot:4: 2227 daAuts
Depths:4: 2073 daAuts
    D:14: 2010 daAuts
  Lair:5: 1897 daAuts
Vaults:5: 1893 daAuts
   Orc:2: 1840 daAuts
   Elf:1: 1823 daAuts
Vaults:4: 1821 daAuts
    D:15: 1797 daAuts
     D:8: 1780 daAuts
Vaults:3: 1778 daAuts
Shoals:2: 1759 daAuts
  Lair:3: 1737 daAuts
